 Dungeon Sprint DCSS version 0.21.1-1-g345015f (webtiles) character file.

2221 wilfster70 the Protected (level 9, -6/91 HPs)
             Began as a Deep Dwarf Fighter on Mar 1, 2018.
             Was a Priest of Okawaru.
             Mangled by a spiny frog (12 damage)
             ... in the Dungeon (Sprint IX: "|||||||||||||||||||||||||||||").
             The game lasted 00:03:17 (568 turns).

wilfster70 the Protected (Deep Dwarf Fighter)        Turns: 568, Time: 00:03:18

Health: -6/91      AC: 14    Str: 20    XL:     9   Next: 13%
Magic:  8/8        EV: 15    Int:  9    God:    Okawaru [***...]
Gold:   0          SH: 13    Dex: 18    Spells: 8/8 levels left

rFire    . . .     SeeInvis .   a - +2 broad axe (chop)
rCold    . . .     Gourm    .   c - +0 shield
rNeg     . . .     Faith    .   r - +1 chain mail
rPois    .         Spirit   .   (no helmet)
rElec    .         Reflect  .   (no cloak)
rCorr    .         Harm     .   q - +0 pair of gloves
MR       +....     NoTele   +   (no boots)
Stlth    ..........             (no amulet)
HPRegen  0.00/turn              b - +2 ring of evasion
MPRegen  0.11/turn              s - +3 ring of dexterity

@: lethally poisoned (-6 -> -6), non-regenerating
A: damage resistance, heal wounds, sense surroundings 2, no regeneration
a: Heal Wounds, Heroism, Renounce Religion


You were in the Dungeon.
You worshipped Okawaru.
Okawaru was most pleased with you.
You were not hungry.

You visited 1 branch

Inventory:

Hand Weapons
 a - a +2 broad axe of chopping (weapon)
Armour
 c - a +0 shield (worn)
 q - a +0 pair of gloves (worn)
 r - a +1 chain mail (worn)
Jewellery
 b - a +2 ring of evasion (left hand)
 s - a +3 ring of dexterity (right hand)
Wands
 p - a wand of iceblast (10)
Scrolls
 k - 3 scrolls of blinking
 n - 3 scrolls of remove curse
 o - 2 scrolls of amnesia
 v - 2 scrolls of fear
 w - a scroll of fog
 x - a scroll of identify
Potions
 d - a potion of might
 e - 5 potions of curing
 g - 7 potions of heal wounds
 h - a potion of haste
 i - 4 potions of magic
 j - a potion of berserk rage
 m - a potion of invisibility
 t - a potion of resistance
Comestibles
 f - 2 rations
 l - 7 chunks of flesh


   Skills:
 + Level 9.1 Fighting
 + Level 10.5 Axes
 + Level 10.8 Armour
 + Level 10.0 Dodging
 + Level 10.7 Shields


You had 8 spell levels left.
You didn't know any spells.

Dungeon Overview and Level Annotations

Branches:
Dungeon (1/1)

Altars:
Cheibriados
Dithmenos
Elyvilon
Fedhas
Gozag
Hepliaklqana
Kikubaaqudgha
Makhleb
Nemelex Xobeh
Okawaru
Qazlal
Ru
Sif Muna
Trog
Uskayaw
Vehumet
Wu Jian
Xom
Yredelemnul
Zin
The Shining One
Beogh
Jiyva
Lugonu


Innate Abilities, Weirdness & Mutations

You are resistant to damage.
You can heal yourself by infusing magical energy.
You passively map the area around you.
You do not regenerate.


Message History

You slash the water moccasin!
You kill the water moccasin!
Okawaru accepts your kill.
Your Dodging skill increases to level 10!
You closely miss the spiny frog. You block the spiny frog's attack. x2
You slash the spiny frog!
The spiny frog is heavily wounded.
You block the spiny frog's attack.
You barely miss the spiny frog.
The spiny frog is heavily wounded.
The spiny frog misses you. The spiny frog stings you.
* * * LOW HITPOINT WARNING * * *
You closely miss the spiny frog.
The spiny frog is heavily wounded.
The spiny frog stings you!
* * * LOW HITPOINT WARNING * * *
You completely miss the spiny frog.
The spiny frog is heavily wounded.
The spiny frog stings you!
You die...

▓▓▓▓▓▓▓▓▓▓▓▓▓▓▓▓▓▓▓▓▓▓▓▓▓▓▓▓▓▓▓▓▓
†.....')....'____________________
▓▓▓▓▓▓▓▓▓▓▓▓▓▓▓▓▓▓▓▓▓▓▓▓▓▓▓▓▓▓▓▓▓
.................................
▓▓▓▓▓▓▓▓▓▓▓▓▓▓▓▓▓▓▓▓▓▓▓▓▓▓▓▓▓▓▓▓▓
...'.!.....(....@FF..... , ,
▓▓▓▓▓▓▓▓▓▓▓▓▓▓▓▓▓▓▓▓▓▓▓▓* * ***
,, , ,, ,, *** * * * * * ** , , +
, , , +, ,, ,, * ** * * * * * * ,
, , , , , * * * * * ** , ,, , ,


You could see 2 spiny frogs.

Vanquished Creatures
  A black mamba (D)
  A troll (D)
  A hippogriff (D)
  2 yaks (D)
  A vampire mosquito (D)
  2 water moccasins (D)
  An orc warrior (D)
  A necrophage (D)
  A centaur (D)
  2 crocodiles (D)
  3 bullfrogs (D)
  2 scorpions (D)
  A worker ant (D)
  An adder (D)
  A shadow imp (D)
  A dart slug (D)
  A leopard gecko (D)
  An orc (D)
  2 bats (D)
  A goblin (D)
  A frilled lizard (D)
28 creatures vanquished.

Vanquished Creatures (others)
  An unseen horror (D)
1 creature vanquished.

Grand Total: 29 creatures vanquished

Notes
Turn   | Place    | Note
-------+----------+-------------------------------------------
     0 | D        | wilfster70 the Deep Dwarf Fighter began the quest for the Orb.
     0 | D        | Reached XP level 1. HP: 20/20 MP: 1/1
   126 | D        | Noticed a scorpion
   130 | D        | Reached skill level 1 in Dodging
   130 | D        | Reached XP level 2. HP: 21/28 MP: 2/2
   143 | D        | Killed a scorpion
   143 | D        | Reached skill level 5 in Armour
   143 | D        | Reached skill level 5 in Shields
   143 | D        | Reached XP level 3. HP: 22/36 MP: 3/3
   143 | D        | Reached XP level 4. HP: 27/44 MP: 4/4
   157 | D        | Found a roughly hewn altar of Beogh.
   157 | D        | Found a snail-covered altar of Cheibriados.
   157 | D        | Found a shadowy altar of Dithmenos.
   157 | D        | Found a white marble altar of Elyvilon.
   157 | D        | Found a blossoming altar of Fedhas.
   157 | D        | Found an opulent altar of Gozag.
   158 | D        | Found a hazy altar of Hepliaklqana.
   159 | D        | Found a viscous altar of Jiyva.
   160 | D        | Found an ancient bone altar of Kikubaaqudgha.
   161 | D        | Found a corrupted altar of Lugonu.
   162 | D        | Found a burning altar of Makhleb.
   163 | D        | Found a sparkling altar of Nemelex Xobeh.
   164 | D        | Found an iron altar of Okawaru.
   165 | D        | Found a stormy altar of Qazlal.
   166 | D        | Found a sacrificial altar of Ru.
   167 | D        | Found a deep blue altar of Sif Muna.
   168 | D        | Found a bloodstained altar of Trog.
   169 | D        | Found a hide-covered altar of Uskayaw.
   170 | D        | Found a radiant altar of Vehumet.
   171 | D        | Found an ornate altar of the Wu Jian Council.
   172 | D        | Found a shimmering altar of Xom.
   173 | D        | Found a basalt altar of Yredelemnul.
   174 | D        | Found a glowing silver altar of Zin.
   175 | D        | Found a glowing golden altar of the Shining One.
   247 | D        | Became a worshipper of Warmaster Okawaru
   269 | D        | Noticed a necrophage
   269 | D        | Noticed an orc warrior
   269 | D        | Noticed a centaur
   276 | D        | Reached skill level 5 in Axes
   281 | D        | Killed a necrophage
   281 | D        | Reached * piety under Okawaru
   281 | D        | Reached skill level 5 in Fighting
   281 | D        | Reached skill level 5 in Dodging
   281 | D        | Reached XP level 5. HP: 51/51 MP: 4/4
   288 | D        | Killed an orc warrior
   288 | D        | Reached XP level 6. HP: 61/61 MP: 5/5
   295 | D        | Killed an unseen horror
   299 | D        | Reached XP level 7. HP: 64/69 MP: 6/6
   373 | D        | Noticed a troll
   373 | D        | Noticed a yak
   373 | D        | Noticed a hippogriff
   373 | D        | Noticed a vampire mosquito
   380 | D        | Killed a troll
   380 | D        | Reached ** piety under Okawaru
   385 | D        | Killed a yak
   389 | D        | Reached XP level 8. HP: 70/80 MP: 7/7
   394 | D        | Killed a hippogriff
   400 | D        | Reached *** piety under Okawaru
   519 | D        | Noticed a black mamba
   527 | D        | Noticed a spiny frog
   528 | D        | Reached skill level 10 in Armour
   528 | D        | Reached skill level 10 in Shields
   530 | D        | Noticed a spiny frog
   540 | D        | HP: 4/81 [poisoned by a black mamba]
   544 | D        | Killed a black mamba
   544 | D        | Reached skill level 10 in Axes
   553 | D        | Gained mutation: You passively map the area around you. [Deep Dwarf growth]
   553 | D        | Reached XP level 9. HP: 22/91 MP: 8/8
   563 | D        | Reached skill level 10 in Dodging
   568 | D        | Mangled by a spiny frog

Skill      XL: |  1  2  3  4  5  6  7  8  9 |
---------------+----------------------------+-----
Fighting       | 3 4 5 6 7 9 |  9.1
Axes           | 3 4 6 7 9 10 | 10.5
Armour         | 4 5 6 7 8 9 10 | 10.8
Dodging        | 1 3 5 6 7 8 9 10 | 10.0
Shields        | 4 5 6 7 8 9 10 | 10.7

Action                   |  1- 3 |  4- 6 |  7- 9 || total
-------------------------+-------+-------+-------++-------
Melee: War axe           |    30 |     5 |       ||    35
       Broad axe         |       |    28 |    82 ||   110
 Abil: Heal Wounds       |       |     2 |     1 ||     3
  Use: Scroll            |       |       |     1 ||     1
       Potion            |       |       |     1 ||     1
Armor: Scale mail        |    16 |     2 |       ||    18
       Chain mail        |       |    16 |    22 ||    38
Dodge: Dodged            |     3 |    11 |    33 ||    47
Block: Shield            |     8 |    16 |    67 ||    91
